| TOP OF THE 1ST |
|
Atlanta Braves batting - Pitching for Los Angeles Dodgers : RHP Sean Parks
|
|
Pitching: RHP Sean Parks
|
|
|
Batting: RHB Jeckel Hester
|
0-0: Called Strike 0-1: Foul Ball, location: 2F 0-2: Reached on error, E2 (Groundball, 2L, EV 64.4 MPH)
|
|
Batting: RHB Luis Torres
|
0-0: Foul Ball, location: 2F 0-1: Ground out 5-3 (Groundball, 56, EV 83.8 MPH)
|
|
Batting: RHB Jordan Martin
|
0-0: Called Strike 0-1: Ball 1-1: Fly out, F8 (Flyball, 8RD, EV 98.1 MPH)
|
|
Batting: RHB Adriaan Pieters
|
0-0: SINGLE (Line Drive, 9S, EV 94.4 MPH) Jeckel Hester to third Runner from 3rd tries for Home, SAFE, throw by RF to home
|
|
Batting: RHB Ike Trout
|
0-0: Foul Ball, location: 2F 0-1: Called Strike Adriaan Pieters is caught stealing 2nd base 2-4
|
| Top of the 1st over - 1 run, 1 hit, 1 error, 0 left on base; Atlanta 1 - Los Angeles 0 |
| BOTTOM OF THE 1ST |
|
Los Angeles Dodgers batting - Pitching for Atlanta Braves : RHP Kevin Ovens-Toots
|
|
Pitching: RHP Kevin Ovens-Toots
|
|
|
Batting: RHB Clay Buchanan
|
0-0: SINGLE (Line Drive, 7S, EV 91.9 MPH)
|
|
Batting: RHB Tsutomu Irie
|
0-0: Ball 1-0: Ball 2-0: Ball 3-0: Foul Ball, location: 2F 3-1: SINGLE (Groundball, 5S, EV 56.9 MPH) (infield hit) Clay Buchanan to second
|
|
Batting: LHB Lirak Bazhunaishvili
|
0-0: SINGLE (Groundball, 34D, EV 100.0 MPH) Clay Buchanan to third Tsutomu Irie to second Runner from 3rd tries for Home, SAFE, throw by RF to home
|
|
Batting: SHB Joel Baker
|
0-0: Grounds into double play, 4-6-3 (Groundball, 4, EV 86.2 MPH) Tsutomu Irie to third
|
|
Batting: RHB Danny Dyer
|
0-0: Ball 1-0: Ball 2-0: Swinging Strike 2-1: Ground out 6-3 (Groundball, 56, EV 82.5 MPH)
|
| Bottom of the 1st over - 1 run, 3 hits, 0 errors, 1 left on base; Atlanta 1 - Los Angeles 1 |
| TOP OF THE 2ND |
|
Atlanta Braves batting - Pitching for Los Angeles Dodgers : RHP Sean Parks
|
|
Batting: RHB Ike Trout
|
0-0: Called Strike 0-1: Foul Ball, location: 2F 0-2: Foul Ball, location: 2F 0-2: DOUBLE (Line Drive, 78XD, EV 103.8 MPH)
|
|
Batting: LHB Colin Worthington
|
0-0: Ball 1-0: Ball 2-0: Ball 3-0: Called Strike 3-1: Fly out, F5 (Popup, 5, EV 57.5 MPH)
|
|
Batting: RHB Xavier Davis
|
0-0: Called Strike 0-1: Foul Ball, location: 2F 0-2: Ball 1-2: Strikes out swinging
|
|
Batting: LHB Matt Sigurdson
|
0-0: Ball 1-0: Ball 2-0: Called Strike 2-1: Foul Ball, location: 2F 2-2: Ball 3-2: DOUBLE (Line Drive, 89D, EV 101.9 MPH) Ike Trout scores
|
|
Batting: LHB Per Meulengracht
|
0-0: Swinging Strike 0-1: Ball 1-1: Swinging Strike 1-2: Strikes out swinging, 2-3 out at first.
|
| Top of the 2nd over - 1 run, 2 hits, 0 errors, 1 left on base; Atlanta 2 - Los Angeles 1 |
| BOTTOM OF THE 2ND |
|
Los Angeles Dodgers batting - Pitching for Atlanta Braves : RHP Kevin Ovens-Toots
|
|
Batting: RHB Tim Nettles
|
0-0: Ball 1-0: Reached on error, E5 (Groundball, 56S, EV 85.0 MPH)
|
|
Batting: RHB Wing-kit Bu
|
0-0: Foul Ball, location: 2F 0-1: Ball 1-1: Called Strike 1-2: Ball 2-2: Fly out, F8 (Flyball, 8LS, EV 76.9 MPH)
|
|
Batting: RHB Nate Taylor
|
0-0: Called Strike 0-1: Ground out 6-3 (Groundball, 6, EV 100.6 MPH)
|
|
Batting: LHB Dalton Silveira
|
0-0: Ball 1-0: Ball 2-0: Ball 3-0: Base on Balls
|
|
Batting: RHB Clay Buchanan
|
0-0: Ground out 6-3 (Groundball, 6D, EV 105.0 MPH)
|
| Bottom of the 2nd over - 0 runs, 0 hits, 1 error, 2 left on base; Atlanta 2 - Los Angeles 1 |
| TOP OF THE 3RD |
|
Atlanta Braves batting - Pitching for Los Angeles Dodgers : RHP Sean Parks
|
|
Batting: RHB Jeckel Hester
|
0-0: Called Strike 0-1: Fly out, F9 (Line Drive, 9LM, EV 94.4 MPH)
|
|
Batting: RHB Luis Torres
|
0-0: Ball 1-0: SINGLE (Line Drive, 4D, EV 98.1 MPH)
|
|
Batting: RHB Jordan Martin
|
0-0: Ball 1-0: Ball 2-0: Called Strike 2-1: Fly out, F7 (Flyball, 7LSF, EV 85.0 MPH)
|
|
Batting: RHB Adriaan Pieters
|
0-0: Ball Luis Torres is caught stealing 2nd base 2-4
|
| Top of the 3rd over - 0 runs, 1 hit, 0 errors, 0 left on base; Atlanta 2 - Los Angeles 1 |
| BOTTOM OF THE 3RD |
|
Los Angeles Dodgers batting - Pitching for Atlanta Braves : RHP Kevin Ovens-Toots
|
|
Batting: RHB Tsutomu Irie
|
0-0: Ball 1-0: Called Strike 1-1: Foul Ball, location: 2F 1-2: Ball 2-2: Strikes out swinging
|
|
Batting: LHB Lirak Bazhunaishvili
|
0-0: Fly out, F8 (Line Drive, 8LD, EV 98.1 MPH)
|
|
Batting: SHB Joel Baker
|
0-0: Ball 1-0: Called Strike 1-1: Swinging Strike 1-2: Ball 2-2: Strikes out swinging
|
| Bottom of the 3rd over - 0 runs, 0 hits, 0 errors, 0 left on base; Atlanta 2 - Los Angeles 1 |
| TOP OF THE 4TH |
|
Atlanta Braves batting - Pitching for Los Angeles Dodgers : RHP Sean Parks
|
|
Batting: RHB Adriaan Pieters
|
0-0: Swinging Strike 0-1: Swinging Strike 0-2: Ball 1-2: Ball 2-2: Strikes out looking
|
|
Batting: RHB Ike Trout
|
0-0: Called Strike 0-1: Ball 1-1: Foul Ball, location: 2F 1-2: Ball 2-2: Foul Ball, location: 2F 2-2: Ball 3-2: Foul Ball, location: 2F 3-2: Base on Balls
|
|
Batting: LHB Colin Worthington
|
0-0: Ground out 6-3 (Groundball, P, EV 94.4 MPH) Ike Trout to second
|
|
Batting: RHB Xavier Davis
|
0-0: Swinging Strike 0-1: Ball 1-1: Foul Ball, location: 2F 1-2: Ground out 4-3 (Groundball, 4, EV 100.6 MPH)
|
| Top of the 4th over - 0 runs, 0 hits, 0 errors, 1 left on base; Atlanta 2 - Los Angeles 1 |
| BOTTOM OF THE 4TH |
|
Los Angeles Dodgers batting - Pitching for Atlanta Braves : RHP Kevin Ovens-Toots
|
|
Batting: RHB Danny Dyer
|
0-0: Called Strike 0-1: Ground out 6-3 (Groundball, 6, EV 76.9 MPH)
|
|
Batting: RHB Tim Nettles
|
0-0: Swinging Strike 0-1: Swinging Strike 0-2: Strikes out swinging
|
|
Batting: RHB Wing-kit Bu
|
0-0: Ball 1-0: Foul Ball, location: 2F 1-1: Swinging Strike 1-2: Strikes out swinging
|
| Bottom of the 4th over - 0 runs, 0 hits, 0 errors, 0 left on base; Atlanta 2 - Los Angeles 1 |
| TOP OF THE 5TH |
|
Atlanta Braves batting - Pitching for Los Angeles Dodgers : RHP Sean Parks
|
|
Batting: LHB Matt Sigurdson
|
0-0: Called Strike 0-1: Ball 1-1: Fly out, F8 (Flyball, 8LD, EV 98.8 MPH)
|
|
Batting: LHB Per Meulengracht
|
0-0: Ball 1-0: Ball 2-0: Foul Ball, location: 2F 2-1: Fly out, F3 (Popup, 3SF, EV 73.8 MPH)
|
|
Batting: RHB Jeckel Hester
|
0-0: Ball 1-0: Ball 2-0: Ground out U3 (Groundball, 34S, EV 62.5 MPH)
|
| Top of the 5th over - 0 runs, 0 hits, 0 errors, 0 left on base; Atlanta 2 - Los Angeles 1 |
| BOTTOM OF THE 5TH |
|
Los Angeles Dodgers batting - Pitching for Atlanta Braves : RHP Kevin Ovens-Toots
|
|
Batting: RHB Nate Taylor
|
0-0: Ball 1-0: Ball 2-0: Called Strike 2-1: Ball 3-1: Foul Ball, location: 2F 3-2: Strikes out looking
|
|
Batting: LHB Dalton Silveira
|
0-0: Ground out 6-3 (Groundball, 6M, EV 85.0 MPH)
|
|
Batting: RHB Clay Buchanan
|
0-0: Ball 1-0: Fly out, F9 (Flyball, 9, EV 84.4 MPH)
|
| Bottom of the 5th over - 0 runs, 0 hits, 0 errors, 0 left on base; Atlanta 2 - Los Angeles 1 |
| TOP OF THE 6TH |
|
Atlanta Braves batting - Pitching for Los Angeles Dodgers : RHP Sean Parks
|
|
Batting: RHB Luis Torres
|
0-0: Called Strike 0-1: Ball 1-1: Foul Ball, location: 2F 1-2: Strikes out swinging, 2-3 out at first.
|
|
Batting: RHB Jordan Martin
|
0-0: Fly out, F5 (Popup, 5F, EV 59.4 MPH)
|
|
Batting: RHB Adriaan Pieters
|
0-0: Foul Ball, location: 2F 0-1: Called Strike 0-2: Ball 1-2: Ball 2-2: SINGLE (Flyball, 89S, EV 90.6 MPH)
|
|
Batting: RHB Ike Trout
|
0-0: Ball 1-0: Fly out, F3 (Popup, 3S, EV 81.2 MPH)
|
| Top of the 6th over - 0 runs, 1 hit, 0 errors, 1 left on base; Atlanta 2 - Los Angeles 1 |
| BOTTOM OF THE 6TH |
|
Los Angeles Dodgers batting - Pitching for Atlanta Braves : RHP Kevin Ovens-Toots
|
|
Batting: RHB Tsutomu Irie
|
0-0: Ball 1-0: Ground out 2-3 (Groundball, 2L, EV 63.1 MPH)
|
|
Batting: LHB Lirak Bazhunaishvili
|
0-0: Ball 1-0: SOLO HOME RUN (Flyball, 9LD, EV 99.4 MPH), Distance : 377 ft
|
|
Batting: SHB Joel Baker
|
0-0: Called Strike 0-1: Foul Ball, location: 2F 0-2: Foul Ball, location: 2F 0-2: Strikes out swinging
|
|
Batting: RHB Danny Dyer
|
0-0: Ball 1-0: Ground out 5-3 (Groundball, 56S, EV 68.8 MPH)
|
| Bottom of the 6th over - 1 run, 1 hit, 0 errors, 0 left on base; Atlanta 2 - Los Angeles 2 |
| TOP OF THE 7TH |
|
Atlanta Braves batting - Pitching for Los Angeles Dodgers : RHP Sean Parks
|
|
Batting: LHB Colin Worthington
|
0-0: Ball 1-0: Ball 2-0: Ball 3-0: Called Strike 3-1: Ground out U3 (Groundball, 3S, EV 86.9 MPH)
|
|
Batting: RHB Xavier Davis
|
0-0: Ball 1-0: Ground out 5-3 (Groundball, 56, EV 100.6 MPH)
|
|
Batting: LHB Matt Sigurdson
|
0-0: Ball 1-0: Ground out U3 (Groundball, 3, EV 103.1 MPH)
|
| Top of the 7th over - 0 runs, 0 hits, 0 errors, 0 left on base; Atlanta 2 - Los Angeles 2 |
| BOTTOM OF THE 7TH |
|
Los Angeles Dodgers batting - Pitching for Atlanta Braves : RHP Kevin Ovens-Toots
|
|
Batting: RHB Tim Nettles
|
0-0: Ball 1-0: Ball 2-0: Ball 3-0: Called Strike 3-1: DOUBLE (Flyball, 89XD, EV 94.4 MPH)
|
|
Batting: RHB Wing-kit Bu
|
0-0: Ball 1-0: Foul Ball, location: 2F 1-1: Fly out, F6 (Popup, 15S, EV 84.4 MPH)
|
|
Batting: RHB Nate Taylor
|
0-0: Fly out, F4 (Line Drive, 4, EV 65.6 MPH) Lined into DP, 4-6 (Line Drive, 4, EV 61.2 MPH)
|
| Bottom of the 7th over - 0 runs, 1 hit, 0 errors, 0 left on base; Atlanta 2 - Los Angeles 2 |
| TOP OF THE 8TH |
|
Atlanta Braves batting - Pitching for Los Angeles Dodgers : RHP Sean Parks
|
|
Batting: LHB Per Meulengracht
|
0-0: Foul Ball, location: 2F 0-1: Called Strike 0-2: Foul Ball, location: 2F 0-2: Fly out, F9 (Flyball, 9LD, EV 93.8 MPH)
|
|
Batting: RHB Jeckel Hester
|
0-0: Called Strike 0-1: Foul Ball, location: 2F 0-2: Foul Ball, location: 2F 0-2: SINGLE (Groundball, 13S, EV 72.5 MPH) (infield hit)
|
|
Batting: RHB Luis Torres
|
0-0: Ball Jeckel Hester steals 2nd base 1-0: Ground out 6-3 (Groundball, 6, EV 76.9 MPH) Jeckel Hester to third
|
|
Pitching: RHP Justin Scheithauer
|
|
|
Batting: RHB Jordan Martin
|
0-0: Called Strike 0-1: DOUBLE (Line Drive, 9LM, EV 108.8 MPH) Jeckel Hester scores
|
|
Batting: RHB Adriaan Pieters
|
0-0: Called Strike 0-1: Ball 1-1: Foul Ball, location: 2F 1-2: Ground out 4-3 (Groundball, 4, EV 91.9 MPH)
|
| Top of the 8th over - 1 run, 2 hits, 0 errors, 1 left on base; Atlanta 3 - Los Angeles 2 |
| BOTTOM OF THE 8TH |
|
Los Angeles Dodgers batting - Pitching for Atlanta Braves : RHP Kevin Ovens-Toots
|
|
Batting: LHB Dalton Silveira
|
0-0: Ball 1-0: SINGLE (Line Drive, 78M, EV 108.8 MPH)
|
|
Batting: RHB Clay Buchanan
|
0-0: Ball 1-0: Ball 2-0: 2-RUN HOME RUN (Flyball, 7D, EV 96.2 MPH), Distance : 367 ft
|
|
Batting: RHB Tsutomu Irie
|
0-0: Called Strike 0-1: Ball 1-1: Foul Ball, location: 2F 1-2: Fly out, F9 (Flyball, 9, EV 85.0 MPH)
|
|
Batting: LHB Lirak Bazhunaishvili
|
0-0: Ball 1-0: Fly out, F6 (Popup, 6M, EV 69.4 MPH)
|
|
Batting: SHB Joel Baker
|
0-0: Foul Ball, location: 2F 0-1: Called Strike 0-2: Strikes out looking
|
| Bottom of the 8th over - 2 runs, 2 hits, 0 errors, 0 left on base; Atlanta 3 - Los Angeles 4 |
| TOP OF THE 9TH |
|
Atlanta Braves batting - Pitching for Los Angeles Dodgers : RHP Justin Scheithauer
|
|
Pitching: RHP Jon Harris
|
|
|
Now in LF: Carlos Rodriguez
|
|
|
Now in RF: Wing-kit Bu
|
|
|
Batting: RHB Ike Trout
|
0-0: Ball 1-0: Ball 2-0: Ball 3-0: Called Strike 3-1: Swinging Strike 3-2: Base on Balls
|
|
Pinch Runner at 1st Liangde Li:
|
|
|
Batting: LHB Colin Worthington
|
0-0: Ball Liangde Li steals 2nd, throwing error, E2 Liangde Li to third 1-0: Called Strike 1-1: Ball 2-1: Ground out 4-3 (Groundball, 4S, EV 88.8 MPH)
|
|
Batting: RHB Xavier Davis
|
0-0: Ball 1-0: Fly out, F7 (Line Drive, 7D, EV 90.0 MPH) Runner from 3rd tags up, SCORES, no throw by LF
|
|
Batting: LHB Matt Sigurdson
|
0-0: Called Strike 0-1: Swinging Strike 0-2: Strikes out swinging
|
| Top of the 9th over - 1 run, 0 hits, 1 error, 0 left on base; Atlanta 4 - Los Angeles 4 |
| BOTTOM OF THE 9TH |
|
Los Angeles Dodgers batting - Pitching for Atlanta Braves : RHP Kevin Ovens-Toots
|
|
Now at 1B: Per Meulengracht
|
|
|
Now in CF: Liangde Li
|
|
|
Batting: RHB Danny Dyer
|
0-0: Called Strike 0-1: Foul Ball, location: 2F 0-2: Ball 1-2: Ball 2-2: Ball 3-2: Fly out, F9 (Flyball, 9, EV 79.4 MPH)
|
|
Batting: RHB Tim Nettles
|
0-0: Foul Ball, location: 2F 0-1: Swinging Strike 0-2: Strikes out swinging, 2-3 out at first.
|
|
Batting: RHB Wing-kit Bu
|
0-0: Called Strike 0-1: Foul Ball, location: 2F 0-2: Fly out, F8 (Flyball, 8RD, EV 102.5 MPH)
|
| Bottom of the 9th over - 0 runs, 0 hits, 0 errors, 0 left on base; Atlanta 4 - Los Angeles 4 |
| TOP OF THE 10TH |
|
Atlanta Braves batting - Pitching for Los Angeles Dodgers : RHP Jon Harris
|
|
Batting: LHB Per Meulengracht
|
0-0: Ball 1-0: Ball 2-0: Ball 3-0: Base on Balls
|
|
Batting: RHB Jeckel Hester
|
0-0: Foul Ball, location: 2F 0-1: Sac Bunt to 15S - play at first, batter OUT! 1-3 Per Meulengracht to second
|
|
Batting: RHB Luis Torres
|
0-0: Ball Per Meulengracht steals 3rd base 1-0: Swinging Strike 1-1: Foul Ball, location: 2F 1-2: Strikes out looking
|
|
Batting: RHB Jordan Martin
|
0-0: Ball 1-0: Ball 2-0: Called Strike 2-1: Fly out, F7 (Flyball, 78D, EV 97.5 MPH)
|
| Top of the 10th over - 0 runs, 0 hits, 0 errors, 1 left on base; Atlanta 4 - Los Angeles 4 |
| BOTTOM OF THE 10TH |
|
Los Angeles Dodgers batting - Pitching for Atlanta Braves : RHP Kevin Ovens-Toots
|
|
Pitching: RHP Victor Munoz
|
|
|
Batting: RHB Nate Taylor
|
0-0: Ball 1-0: SINGLE (Groundball, 56, EV 103.1 MPH) (infield hit)
|
|
Batting: LHB Dalton Silveira
|
0-0: Called Strike 0-1: Ball 1-1: Called Strike Nate Taylor steals 2nd base (no throw) 1-2: SINGLE (Groundball, 6D, EV 110.6 MPH) Nate Taylor to third Runner from 3rd tries for Home, SAFE, throw by CF to home
|
| Bottom of the 10th over - 1 run, 2 hits, 0 errors, 1 left on base; Atlanta 4 - Los Angeles 5 |
|